 Dungeon Crawl Stone Soup version 0.26-a0-663-g36e8fdb655 (webtiles) character file.

Game seed: 16729698215373147064

4055 marklar909 the Geomancer (level 10, -8/67 HPs)
             Began as a Formicid Earth Elementalist on Oct 12, 2020.
             Was a High Priest of Zin.
             Mangled by an orc warrior
             ... wielding a +0 battleaxe
              (29 damage)
             ... on level 8 of the Dungeon.
             The game lasted 00:21:17 (9214 turns).

marklar909 the Geomancer (FoEE)                     Turns: 9214, Time: 00:21:18

Health: -8/67      AC: 10    Str: 14    XL:     10   Next: 48%
Magic:  14/19      EV: 13    Int: 17    God:    Zin [*****.]
Gold:   509        SH:  5    Dex: 11    Spells: 8/21 levels left

rFire    . . .     SeeInvis +   q - +1 whip (freeze)
rCold    . . .     Faith    .   o - +0 buckler
rNeg     . . .     Spirit   .   E - +3 robe "Cylazoir" {Rampage rPois SInv}
rPois    +         Reflect  .   (helmet unavailable)
rElec    .         Harm     .   v - +1 cloak
rCorr    .         Rampage  +   z - +0 pair of gloves
MR       +....                  y - +1 pair of boots
Stlth    +++.......             (no amulet)
HPRegen  0.21/turn              s - ring of wizardry
MPRegen  0.16/turn              (no ring)

@: no status effects
A: permanent stasis, dig shafts and tunnels, four strong arms, antennae 3
a: Dig, Shaft Self, Recite, Vitalisation, Imprison, Sanctuary, Donate Gold,
Renounce Religion


You were on level 8 of the Dungeon.
You worshipped Zin.
Zin was extremely pleased with you.
You visited 2 branches of the dungeon, and saw 9 of its levels.

You collected 709 gold pieces.
You spent 130 gold pieces at shops.
You donated 70 gold pieces to Zin.

Inventory:

Hand Weapons
 q - a +1 whip of freezing (weapon)
Missiles
 b - 163 stones (quivered)
Armour
 o - a +0 buckler (worn)
 v - a +1 cloak (worn)
 y - a +1 pair of boots (worn)
 z - a +0 pair of gloves (worn)
 E - the +3 robe "Cylazoir" (worn) {Rampage rPois SInv}
   (You found it on level 7 of the Dungeon)

   It protects you from poison.
   It lets you see invisible.
   It bestows one free step when moving towards enemies.
Jewellery
 s - a ring of wizardry (left hand)
Wands
 u - a wand of digging (7)
 x - a wand of paralysis (7)
 B - a wand of flame (17)
Scrolls
 a - 9 scrolls of remove curse
 c - a scroll of brand weapon {unknown}
 d - a scroll of immolation
 f - 2 scrolls of fear
 h - 2 scrolls of identify
 k - a scroll of enchant weapon {unknown}
 l - a scroll of amnesia {unknown}
 r - a scroll of random uselessness {unknown}
 C - a scroll of fog {unknown}
 D - a scroll of magic mapping {unknown}
Potions
 e - 2 potions of might
 i - 3 potions of flight
 j - 3 potions of curing
 m - a potion of invisibility
 t - 2 potions of heal wounds
 w - a potion of stabbing


   Skills:
 + Level 2.1 Fighting
 + Level 1.8 Maces & Flails
 + Level 2.2 Armour
 + Level 3.0 Dodging
 + Level 4.4 Stealth
 * Level 5.7 Shields
 + Level 6.3 Spellcasting
 * Level 4.1 Conjurations
 + Level 1.1 Transmutations
 * Level 9.8 Earth Magic
 * Level 7.2 Invocations


You had 8 spell levels left.
You knew the following spells:

 Your Spells              Type           Power        Failure   Level
a - Sandblast             Erth           #####.       1%          1
b - Stone Arrow           Conj/Erth      ####..       1%          3
c - Lee's Rapid Deconstr  Erth           #####.....   2%          5
d - Petrify               Tmut/Erth      ###.....     5%          4

Your spell library contained the following spells:

 Spells                   Type           Power        Failure   Level
 Passwall                 Tmut/Erth      ###.....     1%          2


Dungeon Overview and Level Annotations

Branches:
Dungeon (8/15)             Temple (1/1) D:4
   Lair: D:8-11

Altars:
Ashenzari
Cheibriados
Dithmenos
Fedhas
Gozag
Hepliaklqana
Kikubaaqudgha
Makhleb
Nemelex Xobeh
Okawaru
Qazlal
Ru
Sif Muna
Trog
Uskayaw
Vehumet
Wu Jian
Xom
Yredelemnul
Zin
The Shining One

Shops:
D:5 [   D:7 (


Innate Abilities, Weirdness & Mutations

You cannot be hasted, slowed, berserked, paralysed or teleported.
You can dig through walls and to a lower floor.
Your four strong arms can wield two-handed weapons with a shield.
You have a pair of large antennae on your head. (SInv)


Message History

Press: ? - help, Shift-Dir - straight line, f/p - orc warrior
Aim: an orc warrior, wielding a +0 battleaxe and wearing a +0 plate armour (lightly wounded, mute, chance to defeat MR: 46%)
The orc warrior resists with some effort.
The howler monkey hoots and howls with incredible vigour!
The orc warrior hits you with a +0 battleaxe!
* * * LOW HITPOINT WARNING * * *
You hear a shout!
Evoke which item? (* to show all) (? for menu, Esc to quit)
Aiming: Paralyse
Press: ? - help, Shift-Dir - straight line, f/p - orc warrior
Aim: an orc warrior, wielding a +0 battleaxe and wearing a +0 plate armour (lightly wounded, mute, chance to defeat MR: 46%)
The orc warrior resists with some effort.
Evoke which item? (* to show all) (? for menu, Esc to quit)
Aiming: Paralyse
Press: ? - help, Shift-Dir - straight line, f/p - orc warrior
Aim: an orc warrior, wielding a +0 battleaxe and wearing a +0 plate armour (lightly wounded, mute, chance to defeat MR: 46%)
The orc warrior resists with some effort.
The howler monkey hoots and howls with incredible vigour!
The orc warrior hits you with a +0 battleaxe!!
You die...

....{#.#.#.####.##.##
...{ #.#h#........##
#.#.##########
..#h..# ###.### #h..#
#o### #o# #@# #.#
#.####### #.......#
#######.# #<#.# #.#.#
#.#.# #.#.#


You could see an orc warrior (mute), a howler monkey (catching breath) and an
orc (mute).

Vanquished Creatures
  2 two-headed ogres (D:8)
  Pikel (D:5)
  Grinder (D:6)
  A wyvern (D:8)
  2 orc warriors (D:8)
  An ice beast (D:5)
  2 sky beasts
  5 ogres
  4 lemures
  A bullfrog (D:7)
  A scorpion (D:6)
  4 wights
  A howler monkey (D:6)
  3 hounds
  A bullfrog zombie (D:6)
  3 orc priests
  8 orc wizards
  3 worker ants
  A hound skeleton (D:7)
  2 worker ant zombies
  A howler monkey skeleton (D:7)
  11 adders
  A white imp (D:6)
  2 ufetubi
  An adder zombie (D:8)
  2 adder skeletons
  A worm (D:3)
  3 dart slugs
  3 leopard geckos
  30 orcs
  A ball python (D:3)
  3 giant cockroaches
  3 goblins (D:1)
  9 hobgoblins
  7 jackals
  5 kobolds
  4 quokkas
  3 bats
  3 frilled lizards
  A jackal skeleton (D:8)
  A quokka skeleton (D:7)
  5 rats
147 creatures vanquished.

Notes
Turn   | Place    | Note
-------+----------+-------------------------------------------
     0 | D:1      | marklar909 the Formicid Earth Elementalist began the quest
                  | for the Orb.
     0 | D:1      | Reached XP level 1. HP: 13/13 MP: 3/3
   279 | D:1      | Reached skill level 4 in Earth Magic
   322 | D:1      | Reached XP level 2. HP: 19/19 MP: 3/5
   775 | D:1      | Reached XP level 3. HP: 24/24 MP: 2/6
  1002 | D:1      | Learned a level 3 spell: Stone Arrow
  1834 | D:3      | Reached skill level 5 in Earth Magic
  1834 | D:3      | Reached XP level 4. HP: 30/30 MP: 4/7
  2550 | D:4      | Reached XP level 5. HP: 35/35 MP: 7/9
  2792 | D:4      | Reached skill level 1 in Shields
  2852 | D:4      | Reached skill level 1 in Conjurations
  3066 | D:4      | Found a staircase to the Ecumenical Temple.
  3277 | Temple   | Entered the Ecumenical Temple
  3353 | Temple   | Became a worshipper of Zin the Law-Giver
  3353 | Temple   | Reached * piety under Zin
  3603 | D:4      | Reached XP level 6. HP: 35/41 MP: 7/11
  3712 | D:5      | Entered Level 5 of the Dungeon
  3713 | D:5      | Noticed Pikel
  4109 | D:5      | Reached ** piety under Zin
  4130 | D:5      | Noticed an ogre
  4416 | D:5      | Found an ancient bone altar of Kikubaaqudgha.
  4443 | D:5      | Found Diaf's Antique Armour Emporium.
  4492 | D:5      | Killed an ogre
  4492 | D:5      | Reached skill level 6 in Earth Magic
  4619 | D:5      | Bought a pair of boots for 130 gold pieces
  4667 | D:5      | Killed Pikel
  4667 | D:5      | Reached skill level 7 in Earth Magic
  4667 | D:5      | Reached XP level 7. HP: 39/47 MP: 1/13
  4667 | D:5      | Reached XP level 8. HP: 44/53 MP: 1/14
  5764 | D:6      | Reached skill level 8 in Earth Magic
  5785 | D:6      | Reached skill level 5 in Spellcasting
  6025 | D:6      | Reached skill level 1 in Fighting
  6062 | D:6      | Reached *** piety under Zin
  6305 | D:6      | Noticed Grinder
  6401 | D:6      | Reached XP level 9. HP: 50/59 MP: 14/16
  6410 | D:6      | Killed Grinder
  6410 | D:6      | Reached skill level 1 in Maces & Flails
  7070 | D:7      | Found Taxtoz's Antique Weapon Shoppe.
  7076 | D:7      | Reached skill level 1 in Armour
  7541 | D:7      | Reached **** piety under Zin
  7625 | D:7      | Got a heavily jewelled robe
  7635 | D:7      | Learned a level 5 spell: Lee's Rapid Deconstruction
  7640 | D:7      | Learned a level 4 spell: Petrify
  7648 | D:7      | Identified the +3 robe "Cylazoir" {Rampage rPois SInv} (You
                  | found it on level 7 of the Dungeon)
  7895 | D:8      | Noticed a two-headed ogre
  7904 | D:7      | Reached skill level 5 in Invocations
  8304 | D:8      | Reached ***** piety under Zin
  8329 | D:8      | Noticed a two-headed ogre
  8575 | D:8      | Killed a two-headed ogre
  8575 | D:8      | Reached skill level 5 in Shields
  8575 | D:8      | Reached skill level 9 in Earth Magic
  8575 | D:8      | Reached XP level 10. HP: 67/67 MP: 10/18
  9011 | D:8      | Killed a two-headed ogre
  9214 | D:8      | Mangled by an orc warrior

Illustrated notes

Levels and vault maps discovered:
D:1:      dpeg_arrival_simpleton_b, layout_loops_ring
D:2:      layout_loops_ring, kennysheep_cross_bottleneck
D:3:      layout_loops_cross
D:4:      layout_cave_pods, minmay_temple_entry_grid, minmay_misc_feat_chi,
          grunt_decor_mini_mirrors
D:5:      layout_rooms, serial_shops, shop, basic_altar,
          small_statue_intersection, uniq_pikel
D:6:      layout_loops_ring, uniq_grinder
D:7:      layout_basic, serial_shops, shop
D:8:      minmay_goldmine, layout_basic
Temple:   grunt_wide_crystal_templ

Skill      XL: |  1  2  3  4  5  6  7  8  9 10 |
---------------+-------------------------------+-----
Earth Magic    | 4 5 7 8 9 |  9.8
Spellcasting   | 3 4 5 6 |  6.3
Shields        | 1 2 3 5 |  5.7
Conjurations   | 1 2 3 4 |  4.1
Dodging        | 2 3 |  3.0
Stealth        | 3 4 |  4.4
Invocations    | 2 3 6 7 |  7.2
Fighting       | 1 2 |  2.1
Maces & Flails | 1 |  1.8
Armour         | 2 |  2.2
Transmutations | |  1.1

Action                   |  1- 3 |  4- 6 |  7- 9 | 10-12 || total
-------------------------+-------+-------+-------+-------++-------
Melee: Unarmed           |     2 |       |       |       ||     2
       Whip              |       |     3 |   141 |     7 ||   151
 Cast: Sandblast         |    34 |    68 |    77 |    26 ||   205
       Stone Arrow       |       |    13 |    29 |    11 ||    53
Invok: Recite            |       |       |    23 |     6 ||    29
       Vitalisation      |       |       |     1 |     1 ||     2
       Donate Gold       |       |       |     1 |       ||     1
 Abil: Dig               |       |       |     1 |       ||     1
Evoke: Wand              |       |     1 |       |     6 ||     7
  Use: Scroll            |       |     9 |     8 |       ||    17
 Stab: Sleeping          |       |     1 |     1 |       ||     2
       Confused          |       |       |     1 |       ||     1
       Invisible         |       |       |     4 |       ||     4
Armor: Robe              |       |     5 |    23 |     6 ||    34
       Leather armour    |       |       |    45 |       ||    45
Dodge: Dodged            |     8 |    15 |    97 |    20 ||   140
Block: Buckler           |       |       |    51 |     3 ||    54

Table legend: (Time is in decaauts)
 A = Elapsed time spent in this place.
 B = Non-inter-level travel time spent in this place.
 C = Inter-level travel time spent in this place.
 D = Time resting spent in this place.
 E = Time spent auto-exploring this place.
 F = Levels seen in this place.
 G = Mean time per level.
                   A        B        C        D        E       F      G
               +--------+--------+--------+--------+--------+-----+--------+
         Total |   9235 |   8474 |    761 |   1218 |   5799 |   9 | 1026.1 |
       Dungeon |   9150 |   8402 |    748 |   1218 |   5760 |   8 | 1143.8 |
        Temple |     85 |     72 |     13 |      0 |     39 |   1 |   85.0 |
               +--------+--------+--------+--------+--------+-----+--------+

Top non-repeatable levels by time:
     D:4: 1543 daAuts
     D:6: 1318 daAuts
     D:8: 1307 daAuts
     D:5: 1162 daAuts
     D:7: 1127 daAuts
     D:1: 1093 daAuts
     D:3: 828 daAuts
     D:2: 768 daAuts
  Temple: 85 daAuts
